 Dungeon Crawl Stone Soup version 0.26-a0-30-g56b8cd3df0 (webtiles) character file.

Game seed: 6705809188786419873, levelgen mode: deterministic

106 MisterFreud the Skirmisher (level 4, -5/31 HPs)
             Began as an Octopode Gladiator on June 2, 2020.
             Killed by divine providence
             ... invoked by an orc priest
              (14 damage)
             ... on level 2 of the Dungeon.
             The game lasted 00:02:05 (1259 turns).

MisterFreud the Skirmisher (Octopode Gladiator)     Turns: 1259, Time: 00:02:06

Health: -5/31      AC:  1    Str: 13    XL:     4   Next: 84%
Magic:  4/4        EV: 13    Int: 11    God:
Gold:   88         SH:  4    Dex: 13    Spells: 3/3 levels left

rFire    . . .     SeeInvis .   a - +0 long sword
rCold    . . .     Gourm    .   g - +0 buckler (curse)
rNeg     . . .     Faith    .   b - +0 hat
rPois    .         Spirit   .   (no amulet)
rElec    .         Reflect  .   (no ring)
rCorr    .         Harm     .   (no ring)
MR       .....                  (no ring)
Stlth    ++........             (no ring)
HPRegen  0.10/turn              (no ring)
MPRegen  0.09/turn              (no ring)
                                (no ring)
                                (no ring)

@: lightly drained
A: almost no armour, stealthy swim, amphibious, 8 rings, constrict 8, camouflage
1, gelatinous body 1
a: no special abilities


You were on level 2 of the Dungeon.
You were not hungry.

You visited 1 branch of the dungeon, and saw 2 of its levels.

You collected 88 gold pieces.

Inventory:

Hand Weapons
 a - a +0 long sword (weapon)
Missiles
 c - 3 throwing nets (quivered)
Armour
 b - a +0 hat (worn)
 g - a cursed +0 buckler (worn)
Scrolls
 e - 5 scrolls of teleportation {unknown}
 i - a scroll of identify {unknown}
Potions
 j - a potion of invisibility {unknown}
Comestibles
 d - 2 rations
 f - a chunk of flesh


   Skills:
 + Level 3.4(3.3) Fighting
 + Level 3.4 Long Blades
 - Level 2.9(2.8) Throwing
 - Level 3.0(2.9) Dodging
 + Level 1.5(1.4) Shields


You had 3 spell levels left.
You didn't know any spells.
Your spell library was empty.

Dungeon Overview and Level Annotations

Branches:
Dungeon (2/15)

Altars:


Innate Abilities, Weirdness & Mutations

You cannot wear most types of armour.
You are very stealthy in the water. (Stealth+)
You are amphibious.
You can wear up to eight rings at the same time.
You can use your tentacles to constrict eight enemies at once.
Your skin changes colour to match your surroundings (Stealth+).
Your rubbery body absorbs attacks. (AC +1, EV +1)


Message History

You feel drained.
* * * LOW HITPOINT WARNING * * *
It was a potion of curing.
You feel better.
You constrict the orc wizard, but do no damage.
You block the orc wizard's attack.
You barely miss the orc wizard. Your squeeze misses the orc wizard.
The orc wizard is moderately wounded.
You constrict the orc wizard. The orc wizard misses you.
You riposte.
You hit the orc wizard but do no damage.
You squeeze the orc wizard.
The orc wizard is severely wounded.
The orc wizard points at you and mumbles some strange words.
The magic dart hits you!
* * * LOW HITPOINT WARNING * * *
You slash the orc wizard!
You kill the orc wizard!
The orc priest begins to cast a cantrip, but forgets the words!
The orc priest mumbles some strange prayers to Beogh against you.
Beogh smites you!
You die...

........# #.#
#.##.#
..####### #.#
#.##.# #.#
#.# ..##.#
#.# #.#
.....# #.#
#.# .## #.#
#.# #.# #.# #
#.#
#.#########.#
#.#
#.....@.ogo.#
#.#
##########g.#
#.# .g!.# #.#
....# #.#
....# ..#
....# ..#
....# .รท#
....# ..#


You could see an orc priest, an orc, a hobgoblin and a goblin.

Vanquished Creatures
  2 orc wizards (D:2)
  An ooze (D:1)
  A worm (D:2)
  2 dart slugs (D:1)
  A leopard gecko (D:1)
  3 giant cockroaches (D:1)
  6 goblins (D:1)
  2 hobgoblins (D:1)
  2 kobolds (D:1)
  7 bats
  6 frilled lizards
  6 rats
39 creatures vanquished.

Notes
Turn   | Place    | Note
-------+----------+-------------------------------------------
     0 | D:1      | MisterFreud the Octopode Gladiator began the quest for the
                  | Orb.
     0 | D:1      | Reached XP level 1. HP: 14/14 MP: 1/1
   135 | D:1      | Reached XP level 2. HP: 17/20 MP: 2/2
   399 | D:1      | Reached XP level 3. HP: 22/25 MP: 3/3
  1251 | D:2      | Reached skill level 1 in Shields
  1251 | D:2      | Reached XP level 4. HP: 27/31 MP: 4/4
  1259 | D:2      | Killed from afar by an orc priest

Illustrated notes

Levels and vault maps discovered:
D:1:      minmay_arrival_jagged, layout_loops_ring
D:2:      layout_loops_ring

Skill      XL: |  1  2  3 |
---------------+----------+-----
Fighting       | 3 |  3.4
Shields        | 1 |  1.5
Long Blades    | |  3.4
Throwing       | |  2.9
Dodging        | |  3.0

Action                   |  1- 3 |  4- 6 || total
-------------------------+-------+-------++-------
Melee: Long sword        |    61 |     4 ||    65
       Constrict         |    20 |     1 ||    21
       Tentacles         |     7 |     1 ||     8
  Use: Potion            |       |     1 ||     1
 Stab: Sleeping          |    13 |       ||    13
  Eat: Chunk             |     1 |       ||     1
Armor: Skin              |     3 |       ||     3
Dodge: Dodged            |    37 |     2 ||    39
Block: Buckler           |     2 |     1 ||     3
       Rpst.: Long sword |    12 |     1 ||    13

Table legend:
 A = Non-vault XP
 B = Vault XP
 C = Vault XP percentage of total XP
 D = Non-vault monster count
 E = Vault monster count
 F = Vault count percentage of total count
                 A         B        C        D         E       F
            +---------+---------+-------+---------+---------+-------
      Total |     152 |       0 |   0.0 |      39 |       0 |   0.0
            +---------+---------+-------+---------+---------+-------
        D:1 |      59 |       0 |   0.0 |      31 |       0 |   0.0
        D:2 |      93 |       0 |   0.0 |       8 |       0 |   0.0
            +---------+---------+-------+---------+---------+-------
